 Dungeon Crawl Stone Soup version 0.31-a0-848-gaac375c287 (webtiles) character file.

Game seed: 2167031824494756552

141903 Flugkiller the Cryomancer (level 17, 0/128 HPs)
             Began as a Ghoul Ice Elementalist on Oct 4, 2023.
             Was a High Priest of Sif Muna.
             Slain by the Royal Jelly (12 damage)
             ... on level 5 of the Pits of Slime.
             The game lasted 00:55:32 (40916 turns).

Flugkiller the Cryomancer (Ghoul Ice Elementalist) Turns: 40916, Time: 00:55:32

Health: 0/128      AC: 20    Str: 14      XL:     17   Next: 34%
Magic:  1/35       EV: 10    Int: 28      God:    Sif Muna [*****.]
Gold:   3631       SH:  5    Dex:  8 (9)  Spells: 13/46 levels left

rFire   . . .        M - staff of cold
rCold   + + +        (no shield)
rNeg    + + +        g - +7 Kryia's mail coat {PotionHeal*2 rC+}
rPois   ∞            U - +2 helmet
rElec   .            f - scarf {shadows}
rCorr   .            o - +2 pair of gloves
SInv    .            I - +2 pair of boots
Will    +....        K - amulet of reflection Stlth
                     S - +6 ring of intelligence
HPRegen 0.00/turn    H - +6 ring of intelligence
MPRegen 0.24/turn

%: reflection
@: brilliant, corroded, slightly contaminated, inhibited regen, hasted, studying
Ranged Weapons, very quick
A: claws 1, cold resistance 1, negative energy resistance 3, inhibited
regeneration, torment resistance 2, devour on kill
a: Renounce Religion, Channel Magic, Forget Spell, Divine Exegesis


You were on level 5 of the Pits of Slime.
You worshipped Sif Muna.
Sif Muna was extremely pleased with you.
You visited 4 branches of the dungeon, and saw 27 of its levels.

You collected 4578 gold pieces.
You spent 947 gold pieces at shops.

Inventory:

Missiles
 x - 3 throwing nets
 J - 4 curare-tipped darts
Armour
 f - a scarf of shadows (worn)
   (You found it on level 1 of the Dungeon)
 g - the +7 Kryia's mail coat (worn) {PotionHeal*2 rC+}
   (You found it on level 3 of the Dungeon)

   PotionHeal*2: Potions heal its wearer twice as much.
   rC+:       It protects you from cold.
 o - a +2 pair of gloves (worn)
   (You found it on level 3 of the Dungeon)
 A - a +0 hat of willpower
   (You took it off Gastronok on level 11 of the Dungeon)
 I - a +2 pair of boots (worn)
   (You found it on level 13 of the Dungeon)
 U - a +2 helmet (worn)
   (You found it on level 2 of the Lair of Beasts)
Magical Staves
 M - a staff of cold (weapon)
   (You took it off an orc wizard on level 11 of the Dungeon)
Jewellery
 m - a ring of willpower
   (You found it on level 3 of the Dungeon)
 p - a ring of protection from fire
   (You found it on level 14 of the Dungeon)
 y - an amulet of regeneration
   (You found it on level 12 of the Dungeon)
 G - a +6 ring of dexterity
   (You found it on level 7 of the Dungeon)
 H - a +6 ring of intelligence (right hand)
   (You found it on level 4 of the Dungeon)
 K - an amulet of reflection (around neck)
   (You found it on level 3 of the Lair of Beasts)
 L - the ring "Penunixe" {Drain rElec rPois rN+ rCorr}
   (You took it off a hell knight on level 11 of the Dungeon)

   [ring of positive energy]

   rElec:     It insulates you from electricity.
   rPois:     It protects you from poison rN+: It protects you from negative
   energy.
   rCorr:     It protects you from acid and corrosion.
   Drain:     It drains your maximum health when unequipped.
 N - a ring of magical power
   (You took it off an orc on level 10 of the Dungeon)
 S - a +6 ring of intelligence (left hand)
   (You found it on level 2 of the Dungeon)
Wands
 i - a wand of flame (16)
   (You found it on level 3 of the Lair of Beasts)
 w - a wand of quicksilver (4)
   (You found it on level 5 of the Lair of Beasts)
 C - a wand of paralysis (9)
   (You found it on level 5 of the Lair of Beasts)
 P - a wand of digging (5)
   (You found it on level 10 of the Dungeon)
 Q - a wand of mindburst (9)
   (You took it off Ijyb on level 3 of the Dungeon)
 T - a wand of iceblast (12)
   (You found it on level 2 of the Lair of Beasts)
Scrolls
 a - 4 scrolls of amnesia
 c - 3 scrolls of revelation
 e - 2 scrolls of poison
 k - a scroll of silence
 l - 5 scrolls of enchant armour
 u - 4 scrolls of fog
 z - 7 scrolls of vulnerability
 F - 4 scrolls of immolation
 W - a scroll of torment
Potions
 d - a potion of might
 h - a potion of haste
 j - 2 potions of invisibility
 n - a potion of resistance
 s - 3 potions of enlightenment
 B - 3 potions of cancellation
 D - 4 potions of brilliance
 E - a potion of attraction
 V - a potion of mutation {unknown}
Miscellaneous
 O - a lightning rod (4/4)
   (You found it on level 15 of the Dungeon)
 R - a phial of floods (inert)
   (You found it on level 14 of the Dungeon)


   Skills:
 - Level 6.0 Fighting
 - Level 6.3 Armour
 - Level 4.4 Dodging
 - Level 2.1 Stealth
 - Level 15.0 Spellcasting
 - Level 5.0 Conjurations
 - Level 6.0 Summonings
 - Level 23.3 Ice Magic
 + Level 2.6 Invocations


You had 13 spell levels left.
You knew the following spells:

 Your Spells              Type           Power      Damage    Failure   Level
a - Freeze                Ice            100%       1d10      0%          1
b - Frozen Ramparts       Ice            100%       1d16      0%          3
c - Ozocubu's Armour      Ice            100%       N/A       0%          3
d - Summon Ice Beast      Ice/Summ       100%       N/A       1%          4
e - Call Canine Familiar  Summ           69%        N/A       2%          3
f - Ozocubu's Refrigerat  Ice            74%        4d23      1%          7
g - Polar Vortex          Ice            74%        12d9*     54%         9
h - Hailstorm             Conj/Ice       100%       3d20      1%          3

Your spell library contained the following spells:

 Spells                   Type           Power      Damage    Failure   Level
 Magic Dart               Conj           100%       1d8       1%          1
 Summon Small Mammal      Summ           100%       N/A       1%          1
 Call Imp                 Summ           100%       N/A       1%          2
 Metabolic Englaciation   Hex/Ice        57%        N/A       1%          5
 Shock                    Conj/Air       100%       1d9       3%          1
 Freezing Cloud           Conj/Ice/Air   52%        6-21      4%          5
 Summon Guardian Golem    Hex/Summ       54%        N/A       8%          3
 Apportation              Tloc           62%        N/A       9%          1
 Necrotise                Necr           100%       1d9       9%          1
 Dazzling Flash           Conj/Hex       100%       N/A       10%         3
 Stone Arrow              Conj/Erth      100%       3d13      10%         3
 Simulacrum               Ice/Necr       57%        N/A       12%         6
 Jinxbite                 Hex            62%        N/A       13%         2
 Lesser Beckoning         Tloc           62%        N/A       13%         2
 Passwall                 Tmut/Erth      25%        N/A       13%         2
 Mephitic Cloud           Conj/Pois/Air  45%        N/A       14%         3
 Gell's Gravitas          Tloc           31%        N/A       26%         3
 Ignite Poison            Fire/Tmut/Pois 31%        N/A       26%         3
 Sigil of Binding         Hex            31%        N/A       26%         3
 Teleport Other           Tloc           31%        N/A       26%         3
 Vampiric Draining        Necr           31%        2d8       26%         3
 Animate Armour           Summ/Erth      100%       N/A       26%         4
 Summon Lightning Spire   Summ/Air       54%        N/A       26%         4
 Brom's Barrelling Bould  Conj/Erth      51%        2d7       30%         4
 Flame Wave               Conj/Fire      51%        2d13      30%         4
 Sticky Flame             Conj/Fire      51%        2d7       30%         4
 Iskenderun's Battlesphe  Conj           65%        2d11      30%         5
 Dimensional Bullseye     Hex/Tloc       15%        N/A       65%         4
 Leda's Liquefaction      Hex/Erth       15%        N/A       65%         4
 Petrify                  Tmut/Erth      31%        N/A       65%         4
 Irradiate                Conj/Tmut      25%        3d20      65%         5
 Summon Cactus Giant      Summ           34%        N/A       75%         6
 Agony                    Necr           31%        N/A       94%         5
 Alistair's Intoxication  Tmut/Pois      20%        N/A       94%         5
 Borgnjor's Vile Clutch   Necr/Erth      15%        N/A       94%         5
 Lee's Rapid Deconstruct  Erth           15%        3d10*     94%         5
 Silence                  Hex/Air        15%        N/A       94%         5
 Bombard                  Conj/Erth      25%        9d5       99%         6
 Summon Hydra             Summ           34%        N/A       99%         7
 Death Channel            Necr           15%        N/A       100%        6
 Eringya's Noxious Bog    Tmut/Pois      15%        4d6       100%        6
 Orb of Destruction       Conj           32%        9d10      100%        7
 Spellforged Servitor     Conj/Summ      33%        N/A       100%        7
 Discord                  Hex            15%        N/A       100%        8
 Ignition                 Fire           15%        3d6       100%        8
 Summon Horrible Things   Summ           34%        N/A       100%        8
 Chain Lightning          Conj/Air       25%        3d34      100%        9
 Shatter                  Erth           15%        3d15*     100%        9
 Sublimation of Blood     Necr           Unusable   N/A       N/A         2
 Wereblood                Tmut           Unusable   N/A       N/A         2

Dungeon Overview and Level Annotations

Branches:
Dungeon (15/15) Zot: 23517  Temple (0/1) D:5            Lair (5/5) D:8 Zot: 19130
 Shoals (0/4) Lair:3       Spider (0/4) Lair:2        Slime (5/5) Lair:5 Zot: 26257
    Orc (2/2) D:12 Zot: 7765     Elf (0/3) Orc:2        Vaults (0/5) D:13
 Depths (0/4) D:15

Altars:
Cheibriados
Fedhas
Sif Muna
Uskayaw
Xom

Shops:
D:1 =   D:8 [   D:14 (   D:15 (   Orc:2 (:?*

Portals:
Pandemonium: Orc:2

Annotations:
D:8 2 transporters
Lair:3 exclusion: oklob plant
Slime:5 Royal Jelly


Innate Abilities, Weirdness & Mutations

You are immune to poison.
You have sharp fingernails.
Your flesh is cold resistant. (rC+)
You are immune to negative energy. (rN+++)
You do not regenerate when monsters are visible.
You are immune to unholy pain and torment.
You thrive by killing the living.


Message History

The quicksilver ooze hits you! The quicksilver ooze engulfs you!
The quicksilver ooze hits you but does no damage.
You slip free of the ooze engulfing you.
The quicksilver ooze hits you. The quicksilver ooze engulfs you!
The quicksilver ooze hits you but does no damage.
The quicksilver ooze jiggles.
The quicksilver ooze attacks as it pursues you!
You block the quicksilver ooze's attack.
The quicksilver ooze hits you.
You feel your power leaking away.
You slip free of the ooze engulfing you.
The quicksilver ooze jiggles.
The quicksilver ooze attacks as it pursues you!
The quicksilver ooze barely misses you.
The quicksilver ooze hits you but does no damage.
Your body shudders with the violent release of wild energies!
Your body decomposes!
You feel clumsy. The quicksilver ooze barely misses you.
The quicksilver ooze hits you but does no damage.
The quicksilver ooze attacks as it pursues you!
The quicksilver ooze hits you. The quicksilver ooze engulfs you!
The quicksilver ooze closely misses you.
You slip free of the ooze engulfing you.
The Royal Jelly jiggles.
Okay, then.
Okay, then.
Press: ? - help, v - describe, . - travel
Here: a quicksilver ooze The floor.
Unknown command.
Okay, then.
Okay, then.
Okay, then.
You fail to use your ability.
The quicksilver ooze hits you. The quicksilver ooze engulfs you!
The quicksilver ooze hits you but does no damage.
The quicksilver ooze barely misses you.
You block the quicksilver ooze's attack.
An acid blob comes into view.
The acid blob quivers.
Unknown command.
You fail to use your ability.
The quicksilver ooze hits you.
The quicksilver ooze hits you but does no damage.
The quicksilver ooze barely misses you.
The quicksilver ooze hits you but does no damage.
The quicksilver ooze barely misses you.
The quicksilver ooze hits you but does no damage.
The acid blob spits acid at you. The splash of acid hits you!
* * * LOW HITPOINT WARNING * * *
The acid corrodes you! The quicksilver ooze hits you.
The quicksilver ooze closely misses you.
The quicksilver ooze hits you!
* * * LOW HITPOINT WARNING * * *
The quicksilver ooze completely misses you.
Unknown command.
You slip free of the ooze engulfing you.
The quicksilver ooze attacks as it pursues you!
The quicksilver ooze closely misses you.
The quicksilver ooze hits you but does no damage.
The quicksilver ooze attacks as it pursues you!
The quicksilver ooze hits you.
* * * LOW HITPOINT WARNING * * *
The quicksilver ooze engulfs you! The quicksilver ooze hits you.
* * * LOW HITPOINT WARNING * * *
You feel your power leaking away.
Unknown command.
You slip free of the ooze engulfing you.
The quicksilver ooze attacks as it pursues you!
The quicksilver ooze hits you.
* * * LOW HITPOINT WARNING * * *
The quicksilver ooze engulfs you! The quicksilver ooze hits you.
* * * LOW HITPOINT WARNING * * *
You feel your power leaking away.
You feel less contaminated with magical energies.
Okay, then.
The +7 Kryia's mail coat enhances the healing.
You feel better. The quicksilver ooze hits you.
The quicksilver ooze hits you but does no damage.
The quicksilver ooze completely misses you.
The quicksilver ooze hits you but does no damage.
Unknown command.
You slip free of the ooze engulfing you.
You feel less invigorated.
The quicksilver ooze attacks as it pursues you!
The quicksilver ooze hits you. The quicksilver ooze engulfs you!
The quicksilver ooze hits you!
* * * LOW HITPOINT WARNING * * *
You feel your power leaking away.
A slime creature comes into view.
You slip free of the ooze engulfing you.
The slime creature quivers.
The quicksilver ooze attacks as it pursues you!
The quicksilver ooze closely misses you.
You block the quicksilver ooze's attack.
The Royal Jelly jiggles.
The Royal Jelly attacks as it pursues you!
The Royal Jelly hits you!
You die...

.............
.#J...........
#..#...........
#.#............ #
####............. #..
.#................
...............J@......
..........J....JJ......
.....................##
....................##
............J......##
...................#
....................#
.........J..........#
.......J.............


You could see the Royal Jelly, an acid blob, a slime creature, a rockslime and 2
quicksilver oozes.

Vanquished Creatures
  Rupert (Lair:3)
  6 acid blobs
  Kirke (D:14)
  Frances (D:14)
  5 rockslimes
  A fenstrider witch (shapeshifter) (D:11)
  Louise (D:14)
  2 formless jellyfish (Slime:1)
  6 quicksilver oozes
  An ettin (Orc:2)
  The ghost of Lefaniho the Executioner, a journeyman MiBe of Trog (D:12)
  A fire dragon (Lair:5)
  The ghost of Ycoch the Unseen, a journeyman SpBr of Okawaru (D:14)
  5 great orbs of eyes
  8 hydras
  Erolcha (D:11)
  3 boulder beetles
  7 centaur warriors
  The ghost of Ge0ff the Mimic, a journeyman OpBe of Trog (D:11)
  Erica (D:11)
  A catoblepas (D:14)
  2 demonspawn (Orc:2)
  7 two-headed ogres
  6 death yaks (Lair:4)
  A hell knight (D:11)
  9 orc high priests (Orc:2)
  2 soul eaters (Orc:2)
  A skyshark (Lair:5)
  4 skeletal warriors
  A flayed ghost (D:15)
  A lindwurm (Lair:5)
  A swamp dragon (Lair:5)
  6 orc knights
  3 necromancers
  5 deep elf pyromancers
  4 cyclopes
  6 shining eyes
  3 orc sorcerers
  14 ugly things
  A manticore (D:11)
  10 elephants (Lair:5)
  5 black mambas
  A black mamba (shapeshifter) (D:14)
  Joseph (D:7)
  An eye of devastation (Slime:5)
  2 unseen horrors
  4 rime drakes
  9 cane toads
  5 komodo dragons
  A tengu conjurer (D:14)
  2 spriggan skeletons (D:15)
  8 meliai
  10 trolls
  A hellwing (Orc:2)
  10 polar bears
  3 merfolk (Lair:3)
  Prince Ribbit (D:5)
  22 blink frogs
  A hornet (shapeshifter) (D:13)
  4 raiju (Lair:5)
  41 slime creatures
  6 wyverns
  34 yaks
  A human (D:14)
  4 basilisks
  2 fire elementals
  A wraith (D:12)
  8 golden eyes
  A hog (D:14)
  A redback (shapeshifter) (D:11)
  7 wargs
  5 vampire mosquitoes (D:10)
  4 acid dragons
  12 water moccasins
  A floating eye (Slime:4)
  13 hell hounds (Lair:5)
  3 swamp drakes (Lair:5)
  14 black bears
  27 orc warriors
  2 ice beasts (D:5)
  6 ogres
  A sky beast (D:6)
  18 wolves
  10 centaurs
  3 kobold brigands
  A phantom (D:6)
  9 bullfrogs
  2 scorpions
  2 gnoll sergeants
  13 killer bees
  2 howler monkeys (D:10)
  An electric eel (Lair:2)
  4 crimson imps (D:14)
  3 jellies
  A gnoll bouda (D:9)
  3 hounds
  26 orc priests
  7 iguanas
  Ijyb (D:3)
  Terence (D:3)
  19 orc wizards
  9 adders
  13 gnolls
  A white imp (D:8)
  2 ufetubi
  3 dart slugs
  79 orcs
  6 ball pythons
  10 endoplasms
  4 giant cockroaches
  6 goblins
  4 hobgoblins
  18 kobolds
  4 quokkas
  2 bats
  3 frilled lizards
  9 rats
726 creatures vanquished.

Vanquished Creatures (collateral kills)
  Gastronok (D:11)
  2 azure jellies
  Fannar (D:12)
  2 hydras
  A catoblepas (Lair:3)
  A two-headed ogre (D:9)
  A merfolk siren (Lair:3)
  A gargoyle (D:7)
  A freezing wraith (D:14)
  A polar bear (Lair:5)
  2 trolls
  2 blink frogs (Lair:3)
  A shadow (D:11)
  A vampire (D:14)
  A ynoxinul (D:12)
  2 wraiths (D:11)
  A yak (D:8)
  A basilisk (shapeshifter) (D:11)
  A basilisk (D:8)
  3 vampire mosquitoes
  A warg (Orc:1)
  A water moccasin (D:8)
  An orc warrior (D:9)
  An ice beast (D:8)
  An ogre (D:6)
  2 centaurs
  A phantom (D:6)
  A kobold brigand (D:8)
  A bullfrog (Lair:1)
  A gnoll sergeant (D:8)
  3 howler monkeys (D:9)
  An orc priest (D:8)
  An iguana (D:5)
  An orc wizard (D:8)
  A gnoll (D:9)
  A shadow imp (D:5)
  A white imp (D:7)
  4 orcs
  6 kobolds (D:8)
57 creatures vanquished.

Vanquished Creatures (others)
  An orc (Orc:1)
1 creature vanquished.

Grand Total: 784 creatures vanquished

Notes
Turn   | Place    | Note
-------+----------+-------------------------------------------
     0 | D:1      | Flugkiller the Ghoul Ice Elementalist began the quest for
                  | the Orb.
     0 | D:1      | Reached XP level 1. HP: 14/14 MP: 2/2
    54 | D:1      | Found Giecipie's Jewellery Boutique.
   137 | D:1      | Reached XP level 2. HP: 10/20 MP: 0/4
   301 | D:1      | Found a faded altar of an unknown god.
   312 | D:1      | Prayed at the altar of an unknown god.
   312 | D:1      | Became a worshipper of Sif Muna the Loreminder
   312 | D:1      | Reached * piety under Sif Muna
   684 | D:1      | Reached XP level 3. HP: 26/26 MP: 2/5
   727 | D:1      | Reached skill level 5 in Ice Magic
  1391 | D:2      | You fall into a shaft and drop 1 floor!
  1502 | D:2      | Reached XP level 4. HP: 33/33 MP: 4/7
  1721 | D:2      | Reached ** piety under Sif Muna
  1829 | D:2      | Learned a level 3 spell: Frozen Ramparts
  1833 | D:2      | Learned a level 3 spell: Ozocubu's Armour
  1931 | D:3      | Noticed an ice beast
  2252 | D:3      | Found the +7 Kryia's mail coat {PotionHeal*2 rC+}
  2297 | D:3      | Noticed Terence
  2315 | D:3      | Killed Terence
  2316 | D:3      | Reached XP level 5. HP: 27/38 MP: 1/8
  2456 | D:3      | Noticed Ijyb
  2467 | D:3      | Killed Ijyb
  3301 | D:4      | Reached skill level 6 in Ice Magic
  3564 | D:5      | Entered Level 5 of the Dungeon
  3564 | D:5      | Found a blossoming altar of Fedhas.
  3567 | D:5      | Noticed an ice beast
  3585 | D:4      | Reached XP level 6. HP: 45/45 MP: 10/10
  3630 | D:4      | Learned a level 4 spell: Summon Ice Beast
  3677 | D:5      | Noticed Prince Ribbit
  3710 | D:5      | Killed Prince Ribbit
  3711 | D:5      | Reached skill level 7 in Ice Magic
  3711 | D:5      | Reached skill level 1 in Summonings
  3711 | D:5      | Reached XP level 7. HP: 50/50 MP: 2/12
  3860 | D:5      | Identified a scroll of acquirement
  4177 | D:5      | Reached skill level 5 in Spellcasting
  4177 | D:5      | Reached skill level 1 in Fighting
  4178 | D:5      | Reached *** piety under Sif Muna
  4213 | D:5      | Reached XP level 8. HP: 45/59 MP: 7/14
  4491 | D:5      | Found a staircase to the Ecumenical Temple.
  4547 | D:5      | Found a blossoming altar of Fedhas.
  4643 | D:5      | Reached skill level 8 in Ice Magic
  4978 | D:6      | Reached skill level 1 in Armour
  5151 | D:6      | Noticed a troll
  5173 | D:6      | Killed a troll
  5268 | D:6      | Reached XP level 9. HP: 68/69 MP: 7/16
  5812 | D:7      | Reached skill level 5 in Summonings
  6350 | D:7      | Reached skill level 9 in Ice Magic
  6820 | D:7      | Noticed a gargoyle
  6891 | D:7      | Noticed Joseph
  7026 | D:7      | Killed Joseph
  7027 | D:7      | Reached XP level 10. HP: 47/77 MP: 5/18
  7148 | D:7      | Killed a gargoyle
  7149 | D:7      | Reached skill level 10 in Ice Magic
  7818 | D:8      | Found a transporter.
  7966 | D:8      | Found a transporter.
  7968 | D:8      | Found Lyijug's Armour Emporium.
  7995 | D:8      | Identified the +1 robe of Qisetauh {rCorr}
  8092 | D:8      | Killed an unseen horror
  8093 | D:8      | Reached skill level 5 in Armour
  8149 | D:8      | Found a staircase to the Lair.
  8179 | D:8      | Reached **** piety under Sif Muna
  8692 | D:9      | Learned a level 3 spell: Call Canine Familiar
  9074 | D:9      | Reached XP level 11. HP: 85/85 MP: 15/22
  9156 | D:9      | Found a blossoming altar of Fedhas.
  9419 | D:9      | Noticed a two-headed ogre
  9431 | D:9      | Killed a two-headed ogre
  9432 | D:9      | Reached skill level 5 in Fighting
  9584 | D:9      | Found a hide-covered altar of Uskayaw.
  9637 | D:10     | Entered Level 10 of the Dungeon
  9791 | D:10     | Identified the +1 ring mail "Geisitt" {Str+2}
  9796 | D:10     | Noticed a two-headed ogre
  9829 | D:10     | Killed a two-headed ogre
  9849 | D:10     | Reached ***** piety under Sif Muna
 10230 | D:10     | Received a gift from Sif Muna
 10586 | D:10     | Learned a level 7 spell: Ozocubu's Refrigeration
 10590 | D:11     | Found a runed translucent gate.
 10591 | D:11     | Found a runed translucent gate.
 10592 | D:11     | Noticed an 11-headed hydra
 10592 | D:11     | Noticed Ge0ff's ghost (journeyman OpBe)
 10592 | D:11     | Noticed a 12-headed hydra
 10594 | D:11     | Found a runed translucent gate.
 10691 | D:11     | Noticed a cyan ugly thing
 10691 | D:11     | Noticed a cyclops
 10706 | D:11     | Killed a cyan ugly thing
 10713 | D:11     | Killed a cyclops
 10723 | D:11     | a yaktaur changed into a mana viper
 10723 | D:11     | Noticed a mana viper (glowing shapeshifter)
 10727 | D:11     | a mana viper changed into a snapping turtle
 10728 | D:11     | a snapping turtle changed into a manticore
 10728 | D:11     | Noticed a manticore (glowing shapeshifter)
 10731 | D:11     | a manticore changed into a skyshark
 10731 | D:11     | Noticed a skyshark (glowing shapeshifter)
 10733 | D:11     | a skyshark changed into a dream sheep
 10912 | D:11     | Noticed a hell knight
 10924 | D:11     | Noticed a manticore
 11254 | D:11     | Noticed a two-headed ogre
 11265 | D:11     | Killed a two-headed ogre
 11266 | D:11     | Reached skill level 11 in Ice Magic
 11266 | D:11     | Reached XP level 12. HP: 88/96 MP: 14/24
 11459 | D:11     | Noticed Gastronok
 11534 | D:11     | Killed Gastronok
 11535 | D:11     | Reached skill level 10 in Spellcasting
 11744 | D:11     | Noticed Erica
 12059 | D:11     | Noticed a centaur warrior
 12076 | D:11     | Killed a centaur warrior
 12077 | D:11     | Reached skill level 12 in Ice Magic
 12274 | D:11     | Identified the ring "Penunixe" {Drain rElec rPois rN+
                  | rCorr}
 12504 | D:11     | Noticed Erolcha
 12519 | D:11     | Killed Erolcha
 12530 | D:11     | Killed Erica
 12557 | D:11     | HP: 1/96 [deep elf pyromancer/bolt of fire (43)]
 12938 | D:11     | Killed a hell knight
 12980 | D:11     | Reached skill level 13 in Ice Magic
 13069 | D:11     | Noticed a six-headed hydra
 13079 | D:11     | Killed a six-headed hydra
 13466 | D:11     | Noticed a radroach
 13468 | D:11     | a radroach changed into a jorogumo
 13468 | D:11     | Noticed a jorogumo (glowing shapeshifter)
 13473 | D:11     | Reached XP level 13. HP: 102/102 MP: 13/27
 13473 | D:11     | a jorogumo changed into a spark wasp
 13473 | D:11     | Noticed a spark wasp (glowing shapeshifter)
 13474 | D:11     | a spark wasp changed into a storm dragon
 13474 | D:11     | Noticed a storm dragon (glowing shapeshifter)
 13477 | D:11     | Noticed a formless jellyfish
 13487 | D:11     | a formless jellyfish changed into a death yak
 13489 | D:11     | a death yak changed into a shadow dragon
 13489 | D:11     | Noticed a shadow dragon (glowing shapeshifter)
 13494 | D:11     | Noticed a fenstrider witch
 13497 | D:11     | Killed a fenstrider witch
 13729 | D:11     | Reached skill level 14 in Ice Magic
 13730 | D:11     | Killed Ge0ff's ghost
 13730 | D:11     | Received a gift from Sif Muna
 13751 | D:11     | Identified the +1 long sword of Circular Logic {freeze,
                  | rN+}
 13928 | Lair:1   | Entered Level 1 of the Lair of Beasts
 14689 | Lair:2   | Found a hole to the Spider Nest.
 15038 | Lair:2   | Reached skill level 15 in Ice Magic
 16537 | Lair:3   | Reached skill level 16 in Ice Magic
 16542 | Lair:3   | Noticed Rupert
 16878 | Lair:3   | Paralysed by Rupert for 3 turns
 16884 | Lair:3   | Killed Rupert
 17416 | Lair:3   | Found a staircase to the Shoals.
 17703 | Lair:4   | Reached XP level 14. HP: 110/110 MP: 20/29
 17704 | Lair:4   | Reached skill level 17 in Ice Magic
 19074 | Lair:4   | Reached skill level 18 in Ice Magic
 19387 | Lair:5   | Entered Level 5 of the Lair of Beasts
 19392 | Lair:5   | Identified Sif Muna's Secrets of Companions (Sif Muna
                  | gifted it to you on level 5 of the Lair of Beasts)
 19392 | Lair:5   | Received a gift from Sif Muna
 20649 | Lair:5   | Reached skill level 19 in Ice Magic
 20806 | Lair:5   | Found a runed translucent door.
 22753 | Lair:5   | Learned a level 9 spell: Polar Vortex
 22911 | Lair:5   | Reached skill level 20 in Ice Magic
 23208 | Lair:5   | Identified Sif Muna's Tome of the Maleficium and Formation
                  | (Sif Muna gifted it to you on level 5 of the Lair of
                  | Beasts)
 23208 | Lair:5   | Received a gift from Sif Muna
 23209 | Lair:5   | Reached XP level 15. HP: 115/115 MP: 1/30
 24459 | Lair:5   | Found a staircase to the Slime Pits.
 24817 | D:12     | Found a staircase to the Orcish Mines.
 25178 | D:12     | Found a runed translucent door.
 25178 | D:12     | Noticed Lefaniho's ghost (journeyman MiBe)
 26194 | D:12     | Killed Lefaniho's ghost
 27478 | D:13     | Found a gate to the Vaults.
 28204 | D:14     | Noticed Frances
 28208 | D:14     | Killed Frances
 28321 | D:14     | Noticed Ycoch's ghost (journeyman SpBr)
 28324 | D:14     | Found a transporter.
 28510 | D:14     | Found Hytovipu's Weapon Boutique.
 28519 | D:14     | Noticed Kirke
 28528 | D:14     | Killed Kirke
 28671 | D:14     | Found a shimmering altar of Xom.
 28674 | D:14     | Identified Sif Muna's Precepts of the Tektite and the
                  | Discharge (Sif Muna gifted it to you on level 14 of the
                  | Dungeon)
 28674 | D:14     | Received a gift from Sif Muna
 28795 | D:14     | Found a transporter.
 28801 | D:14     | Identified the +7 falchion "Omoir" {flame, Int+3}
 28820 | D:14     | Found a snail-covered altar of Cheibriados.
 28994 | D:14     | Identified the +8 tower shield of Crawling {rF+ rC+ rN+}
 28994 | D:14     | Noticed Louise
 29031 | D:14     | Killed Louise
 29367 | D:15     | Entered Level 15 of the Dungeon
 29751 | Orc:1    | Entered Level 1 of the Orcish Mines
 30035 | Orc:1    | Noticed Fannar
 30310 | D:12     | Killed Fannar
 30750 | Orc:2    | Entered Level 2 of the Orcish Mines
 30757 | Orc:2    | Reached skill level 21 in Ice Magic
 30834 | Orc:2    | Found a staircase to the Elven Halls.
 31657 | Orc:2    | Found Esiedaun's General Store.
 31880 | Orc:2    | Found Wixuow's Magic Scroll Boutique.
 31987 | Orc:2    | Bought a scroll of teleportation for 51 gold pieces
 31987 | Orc:2    | Bought a scroll of teleportation for 51 gold pieces
 31987 | Orc:2    | Bought a scroll of enchant armour for 127 gold pieces
 31987 | Orc:2    | Bought a scroll of butterflies for 68 gold pieces
 32719 | Orc:2    | Found a shimmering blue altar of Sif Muna.
 32764 | Orc:2    | Reached XP level 16. HP: 122/122 MP: 25/33
 32783 | Orc:2    | Identified Dafiumaomn's Collected Works on Enchanted Bolts
                  | (Sif Muna gifted it to you on level 2 of the Orcish Mines)
 32783 | Orc:2    | Received a gift from Sif Muna
 33821 | Orc:2    | Reached skill level 15 in Spellcasting
 34009 | Orc:2    | Found Fauvon's Antique Weapon Shoppe.
 34009 | Orc:2    | Found a one-way gate leading to the halls of Pandemonium.
 34009 | Orc:2    | Found Gittusiliu's Book Emporium.
 34154 | Orc:2    | Bought a book of the Tundra for 416 gold pieces
 34154 | Orc:2    | Bought a book of Changes for 234 gold pieces
 34303 | Orc:2    | Learned a level 3 spell: Hailstorm
 34388 | D:15     | Found Woufeog's Weapon Shoppe.
 34536 | D:14     | Reached skill level 1 in Conjurations
 34663 | D:14     | Killed Ycoch's ghost
 35699 | D:15     | Found a staircase to the Depths.
 36767 | D:15     | Reached skill level 5 in Conjurations
 36850 | D:15     | Acquired 1066 gold pieces
 36852 | D:15     | Acquired 567 gold pieces
 37186 | Slime:1  | Entered Level 1 of the Pits of Slime
 37405 | Slime:2  | Noticed a rockslime
 37407 | Slime:2  | Killed a rockslime
 37494 | Slime:2  | Noticed a rockslime
 37502 | Slime:2  | Killed a rockslime
 37502 | Slime:2  | Identified Sif Muna's Lectures on Injurious Profane Spells
                  | (Sif Muna gifted it to you on level 2 of the Pits of Slime)
 37502 | Slime:2  | Received a gift from Sif Muna
 37511 | Slime:2  | Noticed an acid blob
 37677 | Slime:2  | Killed an acid blob
 38044 | Slime:1  | Noticed a rockslime
 38045 | Slime:1  | Noticed an acid blob
 38051 | Slime:1  | Noticed an acid blob
 38052 | Slime:1  | HP: 6/122 [rockslime (37)]
 38053 | Slime:1  | Noticed an acid blob
 38055 | Slime:1  | Noticed a rockslime
 38593 | Slime:3  | Noticed a rockslime
 38596 | Slime:3  | Killed a rockslime
 38597 | Slime:3  | Reached skill level 22 in Ice Magic
 38795 | Slime:3  | Noticed an azure jelly
 38804 | Slime:3  | Killed an azure jelly
 38896 | Slime:3  | Noticed an acid blob
 38905 | Slime:3  | Killed an acid blob
 39419 | Slime:4  | Noticed a rockslime
 39430 | Slime:3  | Reached XP level 17. HP: 77/128 MP: 15/35
 39630 | Slime:4  | Noticed an acid blob
 39773 | Slime:4  | Killed an acid blob
 40004 | Slime:4  | Noticed an acid blob
 40007 | Slime:4  | Killed an acid blob
 40008 | Slime:4  | Reached skill level 23 in Ice Magic
 40269 | Slime:5  | Entered Level 5 of the Pits of Slime
 40345 | Slime:5  | Noticed an acid blob
 40348 | Slime:5  | Killed an acid blob
 40649 | Slime:5  | Noticed an acid blob
 40653 | Slime:5  | Killed an acid blob
 40654 | Slime:5  | Reached skill level 1 in Invocations
 40876 | Slime:5  | Noticed an acid blob
 40878 | Slime:5  | Noticed the Royal Jelly
 40907 | Slime:5  | Noticed an acid blob
 40912 | Slime:5  | HP: 4/128 [quicksilver ooze[the Royal Jelly] (4)]
 40916 | Slime:5  | Slain by the Royal Jelly

Illustrated notes

Levels and vault maps discovered:
D:1:      co_arrival_random_square_maze, layout_loops_ring,
          dreamdust_ecumenical_altar_statues, serial_bayou,
          serial_bayou_crossing, serial_bayou_shore_b, serial_bayou_lake_a,
          serial_bayou_lagoon_a, serial_shops, shop, minmay_misc_feat_plants,
          serial_bayou_pond_e
D:2:      layout_basic, minivault_19, grunt_decor_cap, dk_noncrumbling_2,
          wander_ebering_terrifying_dragon_lair
D:3:      layout_basic, minmay_goblin_kobold_house, uniq_terence, uniq_ijyb
D:4:      layout_cave_pools
D:5:      layout_rooms, minmay_temple_entry_offerings, hangedman_feature_mirror,
          minmay_gold_behind_fungi, minmay_pentangle, uniq_prince_ribbit1
D:6:      layout_loops_ring, minmay_manual_mail
D:7:      layout_loops_ring, serial_co_window_serial, co_window_paths_b,
          co_window_paths_b, co_window_of_opportunity_a, co_window_paths_a,
          co_window_corner_a, co_window_of_opportunity_a, co_window_paths_a,
          co_window_cross_1, co_window_corner_a, co_window_of_opportunity_b,
          co_window_broadway_b, co_window_paths_c, glass_columns_b,
          glass_columns_a, uniq_joseph
D:8:      layout_rooms, david_lair_generic, serial_shops,
          nicolae_shop_drivethru, kennysheep_diamond
D:9:      layout_basic, fedhas_altar_2, mainiacjoe_overflow_swirl
D:10:     layout_roguey [special_room_orc], ebering_dispersal_statue_hall,
          kennysheep_generic_room_10
D:11:     minmay_goldmine, layout_loops_ring, gammafunk_ghost_hydra_chop,
          nicolae_rejected_hall, uniq_erolcha, uniq_erica, uniq_gastronok
D:12:     hellmonk_ruined_rings, layout_gridville, orc_0_dummy,
          hellmonk_ghost_big_iron
D:13:     layout_long_grid, david_vaults_1
D:14:     layout_long_grid, nzn_ghost_randoct, serial_shops, shop,
          cheibriados_altar_1, led_xom_imps, uniq_kirke, uniq_frances,
          uniq_louise
D:15:     gammafunk_depths_entry_grave, layout_stronghold, serial_shops,
          nicolae_shop_hallway_stairs
Lair:1:   layout_gridlike
Lair:2:   layout_gridlike, spider_nest_entry_a, serial_bayou_shore_a,
          grunt_megastairs_2
Lair:3:   layout_small_grid, elwin_shoals_entry_stream, uniq_rupert
Lair:4:   layout_loops_ring
Lair:5:   guppyfry_lair_end_dragon, layout_regular_city,
          hangedman_lair_caniforms_friends, slime_entry_2
Slime:1:  layout_caves
Slime:2:  layout_caves
Slime:3:  cheibrodos_slime_lost_civilization_3, layout_caves
Slime:4:  layout_caves, special_room [special_room_jelly], uniq_dissolution
Slime:5:  slime_pit_nicolae_amoeboid
Orc:1:    layout_caves, nicolae_orc_lava_tube, uniq_fannar
Orc:2:    pf_orc_diabolical, layout_diamond_mine, kennysheep_orc_sif_temple

Skill      XL: |  1  2  3  4  5  6  7  8  9 10 11 12 13 14 15 16 17 |
---------------+----------------------------------------------------+-----
Spellcasting   | 2 3 4 5 6 8 9 11 12 14 15 | 15.0
Ice Magic      | 5 6 7 8 9 10 11 13 16 20 21 22 23 | 23.3
Summonings     | 1 3 4 6 |  6.0
Fighting       | 1 3 4 6 |  6.0
Armour         | 2 4 6 |  6.3
Dodging        | 4 |  4.4
Conjurations   | 5 |  5.0
Invocations    | 2 |  2.6
Stealth        | |  2.1

Action                     |  1- 3 |  4- 6 |  7- 9 | 10-12 | 13-15 | 16-18 || total
---------------------------+-------+-------+-------+-------+-------+-------++-------
  Melee: Unarmed           |    22 |       |       |       |       |       ||    22
         Dagger            |    10 |    44 |   173 |   144 |       |       ||   371
         Punch             |       |     1 |     2 |     1 |     1 |     3 ||     8
         Staff             |       |       |       |     6 |   238 |   177 ||   421
   Cast: Freeze            |    45 |    38 |    29 |   120 |   118 |    12 ||   362
         Frozen Ramparts   |       |     7 |    22 |    67 |    32 |     2 ||   130
         Ozocubu's Armour  |       |     1 |     5 |    22 |    11 |     3 ||    42
         Summon Ice Beast  |       |       |    20 |    48 |    33 |     8 ||   109
         Call Canine Famil |       |       |       |     5 |    20 |     4 ||    29
         Ozocubu's Refrige |       |       |       |       |   302 |   171 ||   473
         Hailstorm         |       |       |       |       |       |     4 ||     4
 Invoke: Channel Magic     |       |       |       |       |       |     1 ||     1
  Evoke: Wand              |       |       |       |     9 |     8 |     3 ||    20
         Lightning rod     |       |       |       |       |       |     2 ||     2
         Phial of floods   |       |       |       |       |       |     1 ||     1
    Use: Scroll            |       |     9 |     1 |     8 |    19 |     8 ||    45
         Potion            |       |       |       |     1 |     1 |    16 ||    18
   Stab: Sleeping          |     3 |     4 |     2 |       |       |       ||     9
         Distracted        |       |       |     1 |       |     2 |       ||     3
         Paralysed         |       |       |       |       |       |     7 ||     7
 Armour: Robe              |    30 |    19 |    76 |       |       |       ||   125
         Scale mail        |       |    25 |    63 |   380 |   566 |   361 ||  1395
         Leather armour    |       |       |       |    16 |       |       ||    16
  Dodge: Dodged            |    31 |    50 |   108 |   186 |   219 |   153 ||   747
  Block: Other             |       |       |       |       |    78 |    53 ||   131
         Reflection        |       |       |       |       |     2 |       ||     2

Table legend: (Time is in decaauts)
 A = Elapsed time spent in this place.
 B = Non-inter-level travel time spent in this place.
 C = Inter-level travel time spent in this place.
 D = Time resting spent in this place.
 E = Time spent auto-exploring this place.
 F = Levels seen in this place.
 G = Mean time per level.
                   A        B        C        D        E       F      G
               +--------+--------+--------+--------+--------+-----+--------+
         Total |  41183 |  39704 |   1479 |  18580 |  13688 |  27 | 1525.3 |
       Dungeon |  22337 |  21309 |   1028 |   7989 |   8971 |  15 | 1489.1 |
          Lair |  10869 |  10532 |    337 |   5544 |   3419 |   5 | 2173.8 |
    Slime Pits |   3742 |   3662 |     80 |   2489 |    249 |   5 |  748.4 |
  Orcish Mines |   4234 |   4201 |     33 |   2558 |   1048 |   2 | 2117.0 |
               +--------+--------+--------+--------+--------+-----+--------+

Top non-repeatable levels by time:
  Lair:5: 4576 daAuts
   Orc:2: 3484 daAuts
    D:11: 3133 daAuts
    D:14: 2706 daAuts
  Lair:4: 2440 daAuts
    D:12: 2162 daAuts
    D:15: 1827 daAuts
     D:7: 1797 daAuts
  Lair:3: 1592 daAuts
  Lair:2: 1486 daAuts
    D:13: 1479 daAuts
 Slime:3: 1432 daAuts
     D:9: 1225 daAuts
     D:3: 1167 daAuts
     D:5: 1126 daAuts
